 Dungeon Crawl Stone Soup version 0.27-a0-1083-gcf8293e1eb (webtiles) character file.

Game seed: 4510249514180510872

23 Gaff the Magician (level 3, 25/25 HPs)
             Began as a Djinni Air Elementalist on Apr 26, 2021.
             Was a Follower of the Shining One.
             Got out of the dungeon alive.
             The game lasted 00:01:57 (750 turns).

Gaff the Magician (Djinni Air Elementalist)          Turns: 750, Time: 00:01:57

Health: 25/25      AC:  2    Str:  7    XL:     3   Next: 0%
Gold:   37         EV: 12    Int: 17    God:    the Shining One [*.....] SH:  0 Dex: 13

rFire    + + .     SeeInvis .   e - +0 dagger
rCold    x . .     Faith    .   (no shield)
rNeg     . . .     Spirit   .   a - +0 robe
rPois    ∞         Reflect  .   (no helmet)
rElec    .         Harm     .   (no cloak)
rCorr    .         Rampage  .   (no gloves)
Will     .....                  (boots unavailable)
Stlth    +.........             (no amulet)
HPRegen  0.08/turn              (no ring)
MPRegen  0.00/turn              (no ring)

@: flying, glowing
A: fire resistance 2, cold vulnerability 1, float, innate caster, hp casting,
extra vitality 1
a: Renounce Religion


You escaped.
You worshipped the Shining One.
The Shining One was aware of your devotion.
You visited 1 branch of the dungeon, and saw 1 of its levels.

You collected 37 gold pieces.

Inventory:

Hand Weapons
 e - a +0 dagger (weapon)
Armour
 a - a +0 robe (worn)
Scrolls
 b - a scroll of acquirement {unknown}
 c - 2 scrolls of identify {unknown}
 d - a scroll of teleportation {unknown}
 f - a scroll of magic mapping {unknown}


   Skills:
 + Level 2.3 Dodging
 + Level 1.7 Stealth
 + Level 3.4 Spellcasting


You couldn't memorise any spells.
You knew the following spells:

 Your Spells              Type           Power      Damage    Failure   Level
a - Shock                 Conj/Air       56%        1d6       4%          1
b - Static Discharge      Conj/Air       14%        N/A       6%          2
c - Swiftness             Air            14%        N/A       12%         3
d - Airstrike             Air            7%         N/A       38%         4
e - Lightning Bolt        Conj/Air       7%         1d19      75%         5
f - Animate Skeleton      Necr           28%        N/A       4%          1
Your spell library was empty.

Dungeon Overview and Level Annotations

Branches:
Dungeon (1/15)

Altars:
The Shining One


Innate Abilities, Weirdness & Mutations

You are immune to poison.
Your flesh is very heat resistant. (rF++)
You are vulnerable to cold. (rC-)
You float through the air rather than walking.
You learn spells naturally, not from books.
Your magical power is your life essence.
You have superior vitality. (+4 HP)


Message History

Aim: a goblin, wielding a +0 club (asleep, 100% to hit)
The zap hits the goblin.
The goblin is moderately wounded.
The goblin shouts!
Aiming: Shock (safe; 4% risk of failure)
Press: ? - help, Q - select action, (/) - cycle Shift-Dir - straight line, f/p - goblin
Aim: a goblin, wielding a +0 club (moderately wounded, 60% to hit)
The zap hits the goblin.
The goblin is severely wounded.
Aiming: Shock (safe; 4% risk of failure)
Press: ? - help, Q - select action, (/) - cycle Shift-Dir - straight line, f/p - goblin
Aim: a goblin, wielding a +0 club (severely wounded, 60% to hit)
You miscast Shock.
You are very lightly contaminated with residual magic.
Nothing appears to happen.
Aiming: Shock (safe; 4% risk of failure)
Press: ? - help, Q - select action, (/) - cycle Shift-Dir - straight line, f/p - goblin
Aim: a goblin, wielding a +0 club (severely wounded, 60% to hit)
The zap hits the goblin.
You kill the goblin!
You have reached level 3!
Your experience leads to an increase in your attributes!
Increase (S)trength, (I)ntelligence, or (D)exterity?
You feel clever.
The power to cast Animate Skeleton wells up from within.
Spell assigned to 'f'.
Casting: Shock (safe; 4% risk of failure)
Confirm with . or Enter, or press ? or * to list all spells.
Okay, then.
Unknown command.
You start resting.
Your magical contamination has completely faded away.
You start resting.
HP restored.
Found 19 gold pieces.
You reach down and open the door.
There is an open door here.
There is a staircase leading out of the dungeon here.
Are you sure you want to leave the Dungeon?
This will make you lose the game!
You have escaped!

#. #. $## ###
..######@######
#######.#...........# #
.##.......#'####'####+#.#
..........#...##..# #...#
..................##...#
###......##...###....#
#......###......##.##..
###......###.............
##.................##.##..


There were no monsters in sight!

Vanquished Creatures
  4 ball pythons (D:1)
  A bat (D:1)
  2 endoplasms (D:1)
  4 goblins (D:1)
  A hobgoblin (D:1)
  4 jackals (D:1)
  2 frilled lizards (D:1)
  A rat (D:1)
19 creatures vanquished.

Notes
Turn   | Place    | Note
-------+----------+-------------------------------------------
     0 | D:1      | Gaff the Djinni Air Elementalist began the quest for the
                  | Orb.
     0 | D:1      | Reached XP level 1. HP: 15/15 MP: 0/0
   213 | D:1      | Reached skill level 3 in Spellcasting
   213 | D:1      | Reached XP level 2. HP: 19/21 MP: 0/0
   273 | D:1      | Found a faded altar of an unknown god.
   283 | D:1      | Became a worshipper of the Shining One
   283 | D:1      | Reached * piety under the Shining One
   660 | D:1      | Reached XP level 3. HP: 20/25 MP: 0/0
   660 | D:1      | Learned a level 1 spell: Animate Skeleton
   750 | D:$      | Got out of the dungeon alive.

Illustrated notes

Levels and vault maps discovered:
D:1:      minmay_arrival_three_doors, layout_rooms,
          shapermc_ecumenical_altar_totnotflames, minmay_pentomino_v2

Skill      XL: |  1 |
---------------+----+-----
Spellcasting   | 3 |  3.4
Dodging        | |  2.3
Stealth        | |  1.7

Action                   || total
-------------------------++-------
 Cast: Shock             ||    32
Dodge: Dodged            ||     2

Table legend: (Time is in decaauts)
 A = Elapsed time spent in this place.
 B = Non-inter-level travel time spent in this place.
 C = Inter-level travel time spent in this place.
 D = Time resting spent in this place.
 E = Time spent auto-exploring this place.
 F = Levels seen in this place.
 G = Mean time per level.
                   A        B        C        D        E       F      G
               +--------+--------+--------+--------+--------+-----+--------+
         Total |    749 |    715 |     34 |    358 |    254 |   1 |  749.0 |
       Dungeon |    749 |    715 |     34 |    358 |    254 |   1 |  749.0 |
               +--------+--------+--------+--------+--------+-----+--------+

Top non-repeatable levels by time:
     D:1: 749 daAuts
